 Dungeon Crawl Stone Soup version 0.31.0-32-g396128a36d (webtiles) character file.

Game seed: 4915448881686646344

91 Silvore the Covered (level 4, 0/36 (41) HPs)
             Began as a Minotaur Fighter on Apr 12, 2024.
             Slain by a wight
             ... wielding a +2 flail
              (4 damage)
             ... on level 4 of the Dungeon.
             The game lasted 00:01:37 (2310 turns).

Silvore the Covered (Minotaur Fighter)              Turns: 2310, Time: 00:01:38

HP:   0/36 (41)     AC:  9    Str: 22    XL:     4   Next: 33%
MP:   3/3           EV:  8    Int:  5    God:
Gold: 164           SH:  4    Dex: 10    Spells: 3/3 levels left

rFire   . . .        a - +0 flail
rCold   . . .        c - +0 buckler
rNeg    . . .        g - +0 chain mail
rPois   .            (helmet restricted)
rElec   .            (no cloak)
rCorr   .            (no gloves)
SInv    .            (no boots)
Will    .....        (no amulet) Stlth
                     (no ring)
HPRegen 0.26/turn    (no ring)
MPRegen 0.08/turn

%: no passive effects
@: heavily drained
A: horns 2, retaliatory headbutt
a: no special abilities


You were on level 4 of the Dungeon.
You visited 1 branch of the dungeon, and saw 4 of its levels.

You collected 164 gold pieces.

Inventory:

Hand Weapons
 a - a +0 flail (weapon)
Armour
 b - a +0 scale mail
 c - a +0 buckler (worn)
 g - a +0 chain mail (worn)
Scrolls
 j - 2 scrolls of teleportation
Potions
 d - a potion of might
 e - 2 potions of haste
 h - a potion of attraction {unknown}
 i - 2 potions of degeneration
 k - a potion of enlightenment {unknown}
 n - a potion of heal wounds {unknown}
 o - a potion of curing {unknown}


   Skills:
 + Level 4.4 Fighting
 + Level 3.9 Maces & Flails
 + Level 4.4 Armour
 + Level 3.9 Shields


You had 3 spell levels left.
You didn't know any spells.
Your spell library contained the following spells:

 Spells                   Type           Power      Damage    Failure   Level
 Slow                     Hex            0%         N/A       99%         1
 Confusing Touch          Hex            0%         N/A       100%        3
 Sigil of Binding         Hex            0%         N/A       100%        3
 Vampiric Draining        Necr           0%         2d6       100%        3
 Leda's Liquefaction      Alch/Erth      0%         N/A       100%        4
 Lee's Rapid Deconstruct  Erth           0%         3d4*      100%        5
 Bombard                  Conj/Erth      0%         9d1       100%        6
 Conjure Ball Lightning   Conj/Air       0%         3x3d6     100%        6
 Discord                  Hex            0%         N/A       100%        8
 Disjunction              Tloc           0%         N/A       100%        8


Dungeon Overview and Level Annotations

Branches:
Dungeon (4/15)
 Temple: D:4-7

Altars:


Innate Abilities, Weirdness & Mutations

You have a pair of horns on your head.
You reflexively headbutt those who attack you in melee.


Message History

There is a stone staircase leading up here.
There are monsters nearby!
There are monsters nearby!
There are monsters nearby!
There are monsters nearby!
There is a stone staircase leading up here.
There is a stone staircase leading up here.
The quokka bites you.
There is a stone staircase leading up here.
The quokka attacks as it pursues you! You block the quokka's attack.
There is a stone staircase leading up here.
You hit the quokka but do no damage. Your headbutt misses the quokka.
The quokka bites you but does no damage.
The quokka closely misses you.
You hit the quokka but do no damage.
The quokka bites you but does no damage.
You miss the quokka. You headbutt the quokka.
You kill the quokka!
You hit the wight.
The wight is moderately damaged.
The wight hits you with a +2 flail!
You feel drained.
You hit the wight but do no damage. Your headbutt misses the wight.
The wight is moderately damaged.
The wight hits you with a +2 flail. The wight closely misses you.
You furiously retaliate!
You headbutt the wight. You hit the wight but do no damage.
The wight is moderately damaged.
You block the wight's attack.
You hit the wight but do no damage. Your headbutt misses the wight.
The wight is moderately damaged.
The wight hits you with a +2 flail!
You feel drained.
You closely miss the wight. Your headbutt misses the wight.
The wight is moderately damaged.
The wight hits you with a +2 flail.
You feel drained.
You hit the wight.
The wight is heavily damaged.
The wight hits you with a +2 flail!
* * * LOW HITPOINT WARNING * * *
The wight hits you with a +2 flail.
You die...

###....
#.....##
##......
......#
.....
... #z#
#z# #@#
#.# #)#
#.. ###


You could see 2 wights.

Vanquished Creatures
  2 adders
  2 ufetubi (D:3)
  A ribbon worm (D:3)
  3 dart slugs (D:1)
  An orc (D:3)
  5 bats
  6 endoplasms
  3 giant cockroaches
  5 goblins
  3 hobgoblins
  2 jackals (D:1)
  5 kobolds
  2 quokkas
  2 ball pythons (D:1)
  6 frilled lizards
  3 rats
51 creatures vanquished.

Notes
Turn   | Place    | Note
-------+----------+-------------------------------------------
     0 | D:1      | Silvore the Minotaur Fighter began the quest for the Orb.
     0 | D:1      | Reached XP level 1. HP: 19/19 MP: 0/0
    89 | D:1      | Reached XP level 2. HP: 23/27 MP: 1/1
   346 | D:1      | Reached XP level 3. HP: 32/33 MP: 2/2
  1390 | D:3      | Reached XP level 4. HP: 39/40 MP: 3/3
  2310 | D:4      | Slain by a wight

Illustrated notes

Levels and vault maps discovered:
D:1:      dpeg_arrival_round_a, layout_rooms
D:2:      layout_loops_ring
D:3:      layout_basic, grunt_ministairs_11
D:4:      layout_loops_ring, mainiacjoe_overflow_paths, minmay_temple_entry_mist

Skill      XL: |  1  2 |
---------------+-------+-----
Fighting       | 4 |  4.4
Armour         | 4 |  4.4
Maces & Flails | 3 |  3.9
Shields        | |  3.9

Action                     |  1- 3 |  4- 6 || total
---------------------------+-------+-------++-------
  Melee: Flail             |    84 |    27 ||   111
         Headbutt          |    13 |     2 ||    15
    Use: Scroll            |     7 |     1 ||     8
 Armour: Scale mail        |    23 |       ||    23
         Chain mail        |    42 |    18 ||    60
  Dodge: Dodged            |    44 |    10 ||    54
  Block: Buckler           |    21 |     6 ||    27
